[Event "10th Tal Memorial 2016 - Blitz"]
[Site "Moscow"]
[Date "2016.09.25"]
[Round "5"]
[White "Mamedyarov, Shakhriyar"]
[Black "Aronian, Levon"]
[Result "1-0"]
[ECO "D37"]
[WhiteElo "2761"]
[BlackElo "2795"]
[Annotator "ChessBase"]
[PlyCount "121"]
[EventDate "2016.??.??"]
[EventType "tourn"]
[EventCountry "RUS"]
[SourceTitle "playchess.com"]
[Source "ChessBase"]
[TimeControl "180+2"]

1. d4 Nf6 2. c4 e6 3. Nf3 d5 4. Nc3 Nbd7 5. Bf4 dxc4 6. e3 b5 7. Nxb5 Bb4+ 8. Nc3 Nd5 9. Rc1 Nxf4 10. exf4 Nb6 11. Bxc4 O-O 12. Be2 Nd5 13. g3 c5 14. O-O Bxc3 15. bxc3 Qa5 16. Qd2 Rd8 17. Rfd1 Bb7 18. c4 Nb4 19. Rb1 Be4 20. Rb2 Qa3 21. Rb3 Qxa2 22. Qxa2 Nxa2 23. dxc5 Rxd1+ 24. Bxd1 Rd8 25. Kg2 h6 26. Re3 Bc6 27. Bc2 Nb4 28. Be4 Bxe4 29. Rxe4 Rc8 30. Rd4 Rxc5 31. Rd8+ Kh7 32. Rd7 f6 33. Nd4 e5 34. Ne6 Rxc4 35. Rxg7+ Kh8 36. Rxa7 Nd3 37. Rd7 e4 38. Rd4 Rc2 39. Rxe4 Nxf2 40. Rd4 Ng4+ 41. Kf3 Nxh2+ 42. Ke4 Ng4 43. Kf5 h5 44. Kg6 Rc8 45. Nd8 Kg8 46. Kxh5 Ne3 47. Kg6 f5 48. Ne6 Re8 49. Ng7 Rf8 50. Nh5 Ng4 51. Rd5 Kh8 52. Kg5 Rg8+ 53. Kh4 Ne3 54. Rd3 Ng4 55. Rc3 Kh7 56. Rc5 Kg6 57. Rc6+ Kh7 58. Nf6+ Nxf6 59. Rxf6 Rg4+ 60. Kh3 Rg7 61. Rxf5 1-0

[Event "10th Tal Memorial 2016 - Blitz"]
[Site "Moscow"]
[Date "2016.09.25"]
[Round "5"]
[White "Svidler, Peter"]
[Black "Gelfand, Boris"]
[Result "1-0"]
[ECO "A06"]
[WhiteElo "2745"]
[BlackElo "2743"]
[Annotator "ChessBase"]
[PlyCount "97"]
[EventDate "2016.??.??"]
[EventType "tourn"]
[EventCountry "RUS"]
[SourceTitle "playchess.com"]
[Source "ChessBase"]
[TimeControl "180+2"]

1. Nf3 d5 2. g3 g6 3. c4 dxc4 4. Na3 Bg7 5.
Nxc4 Nc6 6. Bg2 e5 7. d3 Nge7 8. O-O O-O 9. Rb1 Be6 10. b4 b5 11. Na3 Bxa2 12. Rb2 Be6 13. Nxb5 Rb8 14. Qa4 a6 15. Nc3 Bd7 16. Qa3 Nf5 17. Ne4 Ncd4 18. Nxd4 Nxd4 19. Bg5 f6 20. Be3 Bb5 21. Nc5 Rb6 22. Bxd4 Qxd4 23. Qa2+ Kh8 24. Rc1 f5 25. e3 Qd6 26. Bd5 Re8 27. Rbc2 c6 28. Bc4 Rbb8 29. Bxb5 axb5
30. Qb3 Rbc8 31. Ra2 Qd5 32. Qxd5 cxd5 33.
Ra5 f4 34. e4 dxe4 35. dxe4
Red8 36. Rxb5 f3 37. h4 Bh6 38. Rc3 Rd1+ 39. Kh2 Rf8 40. Ne6 Re8 41. Nc7 Rf8 42. Ne6 Re8 43. Rb6 Rb1 44. Rxf3 Bd2 45. b5 Kg8 46.
Nc7 Rc8 47. Nd5 Rcc1 48. Nf6+ Kg7 49. Rb7+ 1-0

[Event "10th Tal Memorial 2016 - Blitz"]
[Site "Moscow"]
[Date "2016.09.25"]
[Round "6"]
[White "Anand, Viswanathan"]
[Black "Mamedyarov, Shakhriyar"]
[Result "1/2-1/2"]
[ECO "C80"]
[WhiteElo "2776"]
[BlackElo "2761"]
[Annotator "ChessBase"]
[PlyCount "73"]
[EventDate "2016.??.??"]
[EventType "tourn"]
[EventCountry "RUS"]
[SourceTitle "playchess.com"]
[Source "ChessBase"]
[TimeControl "180+2"]

1. e4 e5 2. Nf3 Nc6 3. Bb5 a6 4. Ba4 Nf6 5. O-O Nxe4 6. d4 b5 7. Bb3 d5 8. dxe5 Be6 9. Nbd2 Nc5 10. c3 Be7 11. Bc2 d4 12. Nb3 d3 13.
Bb1 Nxb3 14. axb3 Bf5 15. Bf4 O-O 16. h3 Qd7 17. b4 Rfd8 18.
g4 Bg6 19. Bg3 h5 20. Re1 d2 21. Re2 Bxb1 22. Rxb1 hxg4 23. Rxd2 Qf5 24. hxg4 Qxg4 25. Nd4 Qg6 26. Nxc6 Qxc6 27. Ra1 Qg6 28. Qf3 Bh4 29. Rad1 Re8 30. Rd5 Bxg3 31. Qxg3 Qxg3+ 32. fxg3 Re6 33. Rd8+ Rxd8 34. Rxd8+ Kh7 35. Rd7 Kg6 36. Rxc7 Rxe5 37. Kf2 1/2-1/2

[Event "10th Tal Memorial 2016 - Blitz"]
[Site "Moscow"]
[Date "2016.09.25"]
[Round "6"]
[White "Aronian, Levon"]
[Black "Giri, Anish"]
[Result "0-1"]
[ECO "D14"]
[WhiteElo "2795"]
[BlackElo "2755"]
[Annotator "ChessBase"]
[PlyCount "158"]
[EventDate "2016.??.??"]
[EventType "tourn"]
[EventCountry "RUS"]
[SourceTitle "playchess.com"]
[Source "ChessBase"]
[TimeControl "180+2"]

1. Nf3 c5 2. c3 Nf6 3. d4 cxd4 4. cxd4 d5 5. Nc3 Nc6 6. Bf4 Bf5 7. Qb3 Na5 8. Qa4+ Bd7 9. Qc2 e6 10. e3 Nh5 11. Bg5 f6 12. Bh4 g5 13. g4 gxh4 14. gxh5 Bb4 15. Bd3 Qe7 16. a3 Bxc3+ 17. Qxc3 b6 18. Ba6 Rg8 19. Nd2 Qd6 20. Rc1 Rb8 21. Qc2 Rg7 22. h6 Rg6 23. Bd3 Rxh6 24. Rg1 Kf7 25.
Qc7 Qxc7 26. Rxc7 Rb7 27. Rc3 b5 28. b3 e5 29. Rc5 exd4 30.
exd4 Rh5 31. f4 a6 32. Be4 Ke7 33. Bxd5 Rb8 34. Rg7+ Kd8 35. Bf3 Rxc5 36. dxc5 b4 37. a4 Be6 38. c6 Rc8 39. Ne4 Rxc6 40. Nxf6 Rc3 41. Bg4 Bxg4 42. Rxg4 Nxb3 43. Rg8+ Ke7 44. Nd5+ Kf7 45. Rb8 Rc1+ 46. Kf2 Rc2+ 47. Ke3 a5 48. f5 Nc5 49. Rc8 b3 50. Rc7+ Kf8 51. Nf6 b2 52. Nxh7+ Ke8 53. f6 Ne6 54. Rb7 Rc7 55. f7+ Rxf7 56. Rb8+ Kd7 57. Rxb2 Rxh7 58. Rb5 Rg7 59. Rd5+ Ke7 60. Rxa5 Rg2 61. Kf3 Rxh2 62. Kg4 Nf8 63. Rh5 Ng6 64. Kf5 Rg2 65. a5 Kd7 66. a6 Kc7 67. Rh7+ Kb8 68. a7+ Ka8 69. Kf6 Rg4 70. Kf5 Rg3 71. Ke4 Ra3 72. Rh6 Ra6 73. Rh7 Rxa7 74. Rh6 Ra6 75. Rh7 Rf6 76. Ke3 Kb8 77. Ke4 Kc8 78. Ke3 Kd8 79.
Ke4 Ke8 0-1

[Event "10th Tal Memorial 2016 - Blitz"]
[Site "Moscow"]
[Date "2016.09.25"]
[Round "6"]
[White "Kramnik, Vladimir"]
[Black "Li, Chao b"]
[Result "1/2-1/2"]
[ECO "D03"]
[WhiteElo "2808"]
[BlackElo "2746"]
[Annotator "ChessBase"]
[PlyCount "113"]
[EventDate "2016.??.??"]
[EventType "tourn"]
[EventCountry "RUS"]
[SourceTitle "playchess.com"]
[Source "ChessBase"]
[TimeControl "180+2"]

1. d4 Nf6 2. Nf3 d5 3. Bg5 g6 4. e3 Bg7 5. c3 O-O 6. Nbd2 b6 7. Bd3 c5 8. O-O Bb7 9. h3 Nbd7 10. a4 Re8 11. a5 c4 12. Bc2 b5 13. a6 Bc6 14. Re1 Qb6 15. Bxf6 Nxf6 16. Ne5 Nd7 17. f4 Rad8 18. Nxc6 Qxc6 19. e4 dxe4 20. Bxe4 Qc7 21. Qf3 Nb8 22. f5 Bh6 23. Nf1 Rd6 24. Qg3 Qd7 25. Nh2 Bg7 26. Rf1 Rxa6 27. Rxa6 Nxa6 28. fxg6 hxg6 29. Bxg6 fxg6 30. Qxg6 Rf8 31. Rxf8+ Kxf8 32. Qxa6 e5 33.
dxe5 Bxe5 34. Qh6+ Bg7 35. Qf4+ Kg8 36. Ng4 a5 37. h4 Qe6 38. Kh2 b4 39. h5 bxc3 40. bxc3 Bxc3 41. Nh6+ Kh7 42. Nf7 Kg8 43. Nh6+ Kh7 44. Ng4 Bh8 45. h6 c3 46. Qc7+ Kg6 47. Kh3 Kh5 48. Qxa5+ Kg6 49. Qc7 Kh5 50. Qc5+ Kg6 51. Qc7 Kh5 52. Qc5+ Kg6 53. g3 Qe4 54. Qd6+ Kh5 55. Qc5+ Kg6 56. Qd6+ Kh5 57. Qc5+ 1/2-1/2

[Event "10th Tal Memorial 2016 - Blitz"]
[Site "Moscow"]
[Date "2016.09.25"]
[Round "6"]
[White "Nepomniachtchi, Ian"]
[Black "Svidler, Peter"]
[Result "1/2-1/2"]
[ECO "C44"]
[WhiteElo "2740"]
[BlackElo "2745"]
[Annotator "ChessBase"]
[PlyCount "55"]
[EventDate "2016.??.??"]
[EventType "tourn"]
[EventCountry "RUS"]
[SourceTitle "playchess.com"]
[Source "ChessBase"]
[TimeControl "180+2"]

1. e4 e5 2. Nf3 Nc6 3. d4 exd4 4. Nxd4 Bb4+ 5. c3 Be7 6. g3 Nf6 7. Bg2 O-O 8. O-O Re8 9. Be3 d5 10. exd5 Nxd5 11. Nxc6 bxc6 12. Bd4 Rb8 13. c4 Nb4 14. Bxa7 Ra8 15. Be3 Qxd1 16. Rxd1 Be6 17. Nd2 Reb8 18. Be4 f5 19. a3 fxe4 20. axb4 Rxa1 21. Rxa1 Bxb4 22. Nxe4 Bxc4 23. Nc3 Bd6 24. Ra4 Be6 25. Bc1 h6 26. Kg2 Kf7 27. Rd4 Be5 28. Ra4 1/2-1/2

[Event "10th Tal Memorial 2016 - Blitz"]
[Site "Moscow"]
[Date "2016.09.25"]
[Round "7"]
[White "Li, Chao b"]
[Black "Aronian, Levon"]
[Result "0-1"]
[ECO "D37"]
[WhiteElo "2746"]
[BlackElo "2795"]
[Annotator "ChessBase"]
[PlyCount "48"]
[EventDate "2016.??.??"]
[EventType "tourn"]
[EventCountry "RUS"]
[SourceTitle "playchess.com"]
[Source "ChessBase"]
[TimeControl "180+2"]

1. d4 Nf6 2. c4 e6 3. Nf3 d5 4. Nc3 Nbd7 5. Bf4 dxc4 6. e3 b5 7. Nxb5 Bb4+ 8. Nd2 Nd5 9. Bg3 N7b6 10. Rc1 O-O 11. Be2 Bd7 12. a4 a6 13. e4 axb5 14. exd5 Nxa4 15. Qc2 exd5 16. O-O Qf6 17. Be5 Qg6 18. Qxg6 hxg6 19. Nb1 Nxb2 20. Bxc7 Ra2 21. Bf3 Nd3 22. Rcd1 Be6 23. h4 Rfa8 24. g3 Rc2 0-1

[Event "10th Tal Memorial 2016 - Blitz"]
[Site "Moscow"]
[Date "2016.09.25"]
[Round "7"]
[White "Gelfand, Boris"]
[Black "Nepomniachtchi, Ian"]
[Result "0-1"]
[ECO "A48"]
[WhiteElo "2743"]
[BlackElo "2740"]
[Annotator "ChessBase"]
[PlyCount "162"]
[EventDate "2016.??.??"]
[EventType "tourn"]
[EventCountry "RUS"]
[SourceTitle "playchess.com"]
[Source "ChessBase"]
[TimeControl "180+2"]

1. d4 Nf6 2. Nf3 g6 3. Bg5 Bg7 4. Nbd2 O-O 5. c3 d6 6. e4 c5 7. d5 e6 8. dxe6 Bxe6 9. Be2 h6 10. Bh4 Nc6 11. O-O Re8 12. Re1 Qc7 13.
Bc4 Nh5 14. Bg3 Nxg3 15. hxg3 Rad8 16. Qc2 Na5 17. Bxe6 Rxe6 18. Rad1 Rde8 19. Nf1 Qc6 20. N1d2 b5 21. Qd3 a6 22. Re3 Qb7 23. Rde1 c4 24. Qc2 d5 25. exd5 Rxe3 26. Rxe3 Rxe3 27. fxe3 Qxd5 28. Qe4 Qxe4 29. Nxe4 Nb7 30. g4 Kf8 31. Nd4 Ke7 32. Kf2 Kd7 33. Kf3 Be5 34. Nc2 Ke6 35. Nb4 a5 36. Nc6 Kd5 37. Ne7+ Ke6 38.
Nc6 b4 39. cxb4 axb4 40. Nxb4 Bxb2 41. Nc2 Ke5 42. Nd2 Kd5 43. Ke2 Nd6 44. Nf3 Nb5 45. Kd2 Nc3 46. Nb4+ Kc5 47. a3 Ne4+ 48. Ke2 Bxa3 49. Nc2 Bb2 50. Nfe1 Bc3 51. Nf3 Bf6 52. Nfe1 Nc3+ 53. Kd2 Nd5 54. Nf3 Bc3+ 55. Ke2 Bg7 56. Kd2 Bc3+ 57. Ke2 Bf6 58. Kd2 Nb4 59. Nxb4 Kxb4 60. Kc2 Kc5 61. e4 Bg7 62. Kd2 Kb4 63. Kc2 c3 64. Kd3 Kb3 65. Ne1 Bf8 66. Nc2 Bc5 67. Ne1 Bf2 68. Nc2 Kb2 69. Nb4 Bh4 70. Nc2 Bf6 71. Nb4 Bg7 72. Nc2 Kc1 73. Ne3 Bh8 74. Nc2 Kd1 75. Nb4 Ke1 76. Ke3 Kf1 77. Kf3 Be5 78. Nc2 Bd6 79. Na1 Bc5 80. Nc2 f6 81. g3 g5 0-1

[Event "10th Tal Memorial 2016 - Blitz"]
[Site "Moscow"]
[Date "2016.09.25"]
[Round "7"]
[White "Giri, Anish"]
[Black "Anand, Viswanathan"]
[Result "1-0"]
[ECO "B90"]
[WhiteElo "2755"]
[BlackElo "2776"]
[Annotator "ChessBase"]
[PlyCount "91"]
[EventDate "2016.??.??"]
[EventType "tourn"]
[EventCountry "RUS"]
[SourceTitle "playchess.com"]
[Source "ChessBase"]
[TimeControl "180+2"]

1. e4 c5 2. Nf3 d6 3. d4 cxd4 4. Nxd4 Nf6 5. Nc3 a6 6. Be3 e5 7. Nf3 Be7 8. Bc4 O-O 9. O-O Qc7 10. Bb3 Be6 11. Nh4 g6 12. Bh6 Re8 13.
Qd2 Nbd7 14. Nf5 Bxb3 15. axb3 Nc5 16. Rae1 Ne6 17. Ne3 Rac8 18. h3 Bf8 19. Bxf8 Rxf8 20. Ncd5 Nxd5 21. Nxd5 Qd8 22. b4 Nf4 23. Nxf4 exf4 24. c3 Qf6 25. Qd5 f3 26. g3 Rc7 27. Re3 Re8 28. Qd3 Re5 29. Rd1 Rd7 30. Rxf3 Qe6 31. Kg2 Rxe4 32. Rf6 Qxf6 33. Qxe4 Qe6 34. Qd5 Kf8 35. Qd4 Kg8 36. Rd3 Re7 37. Qxd6 Qxd6 38. Rxd6 Re2 39. Rb6 Rxb2 40. Rxb7 a5 41. b5 a4 42. c4 Rb4 43. c5 a3 44. b6 Rc4 45. Rb8+ Kg7 46. b7 1-0

[Event "10th Tal Memorial 2016 - Blitz"]
[Site "Moscow"]
[Date "2016.09.25"]
[Round "7"]
[White "Mamedyarov, Shakhriyar"]
[Black "Tomashevsky, Evgeny"]
[Result "1-0"]
[ECO "D37"]
[WhiteElo "2761"]
[BlackElo "2731"]
[Annotator "ChessBase"]
[PlyCount "59"]
[EventDate "2016.??.??"]
[EventType "tourn"]
[EventCountry "RUS"]
[SourceTitle "playchess.com"]
[Source "ChessBase"]
[TimeControl "180+2"]

1. d4 Nf6 2. c4 e6 3. Nf3 d5 4. Nc3 Be7 5. Bf4 O-O 6. e3 Nbd7 7. a3 c6 8. Rc1 b6 9. Bd3 dxc4 10. Bxc4 Bb7 11. O-O a6 12. e4 b5 13. Ba2 Rc8 14. e5 Nd5 15.
Nxd5 cxd5 16. Rxc8 Qxc8 17. h4 f6 18. exf6 Nxf6 19. Bg5 Qd8 20.
Ne5 Nd7 21. Qg4 Nxe5 22. Qxe6+ Rf7 23. Qxe5 h6 24.
Bxe7 Rxe7 25. Qf5 Rf7 26. Qg4 Qf6 27. Bb1 Qf4 28. Qg6 Kf8 29.
Qh7 Rf6 30. Bg6 1-0

[Event "10th Tal Memorial 2016 - Blitz"]
[Site "Moscow"]
[Date "2016.09.25"]
[Round "7"]
[White "Svidler, Peter"]
[Black "Kramnik, Vladimir"]
[Result "1-0"]
[ECO "D78"]
[WhiteElo "2745"]
[BlackElo "2808"]
[Annotator "ChessBase"]
[PlyCount "79"]
[EventDate "2016.??.??"]
[EventType "tourn"]
[EventCountry "RUS"]
[SourceTitle "playchess.com"]
[Source "ChessBase"]
[TimeControl "180+2"]

1. Nf3 d5 2. g3 g6 3. Bg2 Bg7 4. d4 Nf6 5. O-O O-O 6. c4 c6 7. Qb3 Qb6 8. Nc3 Bf5 9. h3 Rd8 10. Bf4 dxc4 11. Qxc4 Nbd7 12. Ng5 e6 13. e4 h6 14. Nxf7 Kxf7 15. exf5 gxf5 16. Rfe1 Nf8 17. Rad1 Rd7 18. Na4 Qd8 19. Nc5 Re7 20. Qb3 b6 21. Nd3 Nd5 22. Bxh6 Ng6 23. Bxg7 Kxg7 24. h4 Qd6 25. h5 Nf8 26. Ne5 Rc8 27. Rc1 Rec7 28. g4 fxg4 29. Qg3 Nf6 30. h6+ Kg8 31. Nxg4 Qxg3 32. Nxf6+ Kf7 33. fxg3
Kxf6 34. Re5 Kg6 35. Be4+ Kxh6 36. Kg2 Kg7 37. Rf1 c5 38. Rg5+ Kh6 39. Rg4 Kh5 40. Bf3 1-0

[Event "10th Tal Memorial 2016 - Blitz"]
[Site "Moscow"]
[Date "2016.09.25"]
[Round "8"]
[White "Anand, Viswanathan"]
[Black "Li, Chao b"]
[Result "0-1"]
[ECO "A06"]
[WhiteElo "2776"]
[BlackElo "2746"]
[Annotator "ChessBase"]
[PlyCount "68"]
[EventDate "2016.??.??"]
[EventType "tourn"]
[EventCountry "RUS"]
[SourceTitle "playchess.com"]
[Source "ChessBase"]
[TimeControl "180+2"]

1. Nf3 d5 2. g3 g6 3. Bg2 Bg7 4. c4 Nf6 5. cxd5 Nxd5 6. O-O c5 7. Nc3 O-O 8. Qb3 e6 9. d3 Nc6 10. Bg5 Qd7 11. Ne4 b6 12. h4 Bb7 13. h5 h6 14. Bd2 g5 15. Rfc1 f5 16. Nc3 Kh7 17.
Nxd5 exd5 18. Bc3 d4 19. Bd2 Rae8 20. Qd1 Ne5 21. b4 Bxf3 22. Bxf3 Nxf3+ 23. exf3 Qd5 24. bxc5 bxc5 25. f4 g4 26. Rab1 Rf6 27. Rb5 Rc6 28. a4 a6 29. Rbb1 Rce6 30. Rc2 Re2 31. Ba5 Qf3 32. Rxe2 Rxe2 33. Be1 c4 34. Rc1 cxd3 0-1

[Event "10th Tal Memorial 2016 - Blitz"]
[Site "Moscow"]
[Date "2016.09.25"]
[Round "8"]
[White "Aronian, Levon"]
[Black "Svidler, Peter"]
[Result "1/2-1/2"]
[ECO "A06"]
[WhiteElo "2795"]
[BlackElo "2745"]
[Annotator "ChessBase"]
[PlyCount "66"]
[EventDate "2016.??.??"]
[EventType "tourn"]
[EventCountry "RUS"]
[SourceTitle "playchess.com"]
[Source "ChessBase"]
[TimeControl "180+2"]

1. Nf3 d5 2. d4 Bf5 3. c4 e6 4. Nc3 Nf6 5. Bg5 c6 6. Qb3 Qb6 7. e3 Nbd7 8. Be2 dxc4 9. Bxc4 Qxb3 10. Bxb3 Ne4 11. Nxe4 Bxe4 12. Ke2 Bd6 13. Rhc1 a5 14. Bh4 a4 15. Bc4 Nb6 16. Bd3 Bxd3+ 17. Kxd3 f6 18. Bg3 Be7 19. Ke2 Kf7 20. Ne1 Rhc8 21. Nd3 Nd7 22. Rc2 Ra5 23. Rac1 e5 24. dxe5 Nxe5 25. Bxe5 fxe5 26. Rc4 Ke6 27. Re4 Bd6 28. Rcc4 Rca8 29. f4 Kf5 30. g4+ Kf6 31. Kf3 exf4 32. exf4 Rd5 33. Rcd4 Rxd4 1/2-1/2

[Event "10th Tal Memorial 2016 - Blitz"]
[Site "Moscow"]
[Date "2016.09.25"]
[Round "8"]
[White "Mamedyarov, Shakhriyar"]
[Black "Giri, Anish"]
[Result "1/2-1/2"]
[ECO "D90"]
[WhiteElo "2761"]
[BlackElo "2755"]
[Annotator "ChessBase"]
[PlyCount "131"]
[EventDate "2016.??.??"]
[EventType "tourn"]
[EventCountry "RUS"]
[SourceTitle "playchess.com"]
[Source "ChessBase"]
[TimeControl "180+2"]

1. d4 Nf6 2. c4 g6 3. Nc3 d5 4. Nf3 Bg7 5. cxd5 Nxd5 6. Bg5 Nxc3 7. bxc3 c5 8. e3 Bg4 9. Bb5+ Nd7 10. h3 Bxf3 11. Qxf3 O-O 12. Qxb7 Nf6 13. Bxf6 Bxf6 14. O-O Qa5 15. Qa6 Qc7 16. Rab1 Rab8 17. Bc4 Kg7 18. Rb3 Rfc8 19. Rfb1 Rb6 20. Rxb6 axb6 21. Bb3 e5 22. dxc5 Qxc5 23. Rd1 Rc7 24. c4 h5 25. Qb5 Be7 26. Rd5 Qxb5 27. Rxb5 Bc5 28. a4 Ra7 29. Bc2 Kf6 30. g3 Ke6 31. Kg2 Ra5 32. Rb1 Ra7 33. g4 hxg4 34. hxg4 Rd7 35. Be4 Rd2 36. Bd5+ Ke7 37. a5 bxa5 38. Rb7+ Kd6 39. Kg3 f5 40. Rg7 f4+ 41. Kf3 fxe3 42. Rxg6+ Kd7 43. fxe3 Rd3 44. Ke4 Rxe3+ 45. Kf5 Re1 46. g5 Bd4 47. Ra6 Rf1+ 48. Kg4 Rg1+ 49. Kh5 Be3 50. g6 Ke7 51. Re6+ Kf8 52. Rf6+ Ke8 53. Re6+ Kf8 54. Rxe5 Bd4 55. Rf5+ Ke7 56. Rf4 Be5 57. Rf5 Bd4 58. Bf7 a4 59. c5 a3 60. c6 Rc1 61.
Rf4 Rc5+ 62. Kg4 Bb2 63. Re4+ Kd6 64. Re6+ Kc7 65. Re2 Rxc6 66. Rd2 1/2-1/2

[Event "10th Tal Memorial 2016 - Blitz"]
[Site "Moscow"]
[Date "2016.09.25"]
[Round "8"]
[White "Tomashevsky, Evgeny"]
[Black "Nepomniachtchi, Ian"]
[Result "0-1"]
[ECO "A32"]
[WhiteElo "2731"]
[BlackElo "2740"]
[Annotator "ChessBase"]
[PlyCount "94"]
[EventDate "2016.??.??"]
[EventType "tourn"]
[EventCountry "RUS"]
[SourceTitle "playchess.com"]
[Source "ChessBase"]
[TimeControl "180+2"]

1. Nf3 c5 2. c4 Nf6 3. d4 cxd4 4. Nxd4 e6 5. Nc3 d5 6. cxd5 Nxd5 7. Bd2 Nf6 8. Nb3 b6 9. e4 Bb7 10. Bb5+ Nbd7 11. Qe2 a6 12. Bd3 Be7 13. O-O O-O 14. Rad1 Qb8 15. f4 Rd8 16. e5 Nd5 17. Ne4 Nf8 18. Nd4 Nb4 19. Bxb4 Bxb4 20. Nf3 Be7 21. g3 Ra7 22. Nc3 b5 23. Be4 b4 24. Na4 Rc8 25. Rc1 Bxe4 26. Qxe4 Rac7 27. Rxc7 Qxc7 28. b3 Nd7 29. Kg2 Nc5 30. Qxb4 Nd3 31. Qd2 Rd8 32. Qe2 h5 33. Nb2 Nxb2 34. Qxb2 Bb4 35. Qe2 a5 36. Rd1 Rc8 37. Rd3 g6 38. Kh3 Kg7 39. Ng5 Be7 40. Nf3 Qb7 41. Qd1 Rc7 42. a4 Qe4 43. Rd4 Qf5+ 44. Kg2 Rc3 45. Qe2 Rxb3 46. Qe4 Rb2+ 47. Kf1 Qh3+ 0-1

[Event "10th Tal Memorial 2016 - Blitz"]
[Site "Moscow"]
[Date "2016.09.25"]
[Round "9"]
[White "Li, Chao b"]
[Black "Mamedyarov, Shakhriyar"]
[Result "0-1"]
[ECO "A05"]
[WhiteElo "2746"]
[BlackElo "2761"]
[Annotator "ChessBase"]
[PlyCount "117"]
[EventDate "2016.??.??"]
[EventType "tourn"]
[EventCountry "RUS"]
[SourceTitle "playchess.com"]
[Source "ChessBase"]
[TimeControl "180+2"]

1. Nf3 Nf6 2. g3 g6 3. Bg2 Bg7 4. O-O O-O 5. d4 d6 6. b3 e5 7. dxe5 dxe5 8. Bb2 e4 9. Qxd8 Rxd8 10. Nfd2 Bf5 11. Nc4 Nc6 12. Nc3 Nd4 13. Ne3 Ng4 14. Nxg4 Bxg4 15. Bxe4 Nxe2+ 16. Nxe2 Bxb2 17. Rae1 c6 18. Nf4 Bc3 19. Re3 Bd2 20. Rd3 Bxf4 21. gxf4 Be2 22. Rxd8+ Rxd8 23. Re1 Rd2 24. f5 Kg7 25. Kg2 Kf6 26. fxg6 hxg6 27. Kg3 Bd1 28. Kf4 Bxc2 29. Ke3 Rd1 30. Rxd1 Bxd1 31. f3 Ke5 32. h4 f5 33. Bd3 a5 34. Bc4 a4 35. Bf7 f4+ 36. Kd2 Bxf3 37. Bxg6 Be4 38. Bf7 axb3 39. axb3 Bd5 40. Be8 Bxb3 41. h5 Be6 42. h6 Bf5 43. Bd7 Bh7 44. Ke2 c5 45. Bb5 Kf6 46. Kf3 Kg5 47. Bc4 b6 48. Bb5 Bg6 49. Bc4 Bh7 50. Bb5 Bf5 51. Bc4 Bg6 52. Bb5 Bh5+ 53. Ke4 f3 54.
h7 Bg6+ 55. Kxf3 Bxh7 56. Ke3 Kf6 57. Kd2 Ke5 58. Kc3 Be4 59.
Bd7 0-1

[Event "10th Tal Memorial 2016 - Blitz"]
[Site "Moscow"]
[Date "2016.09.25"]
[Round "9"]
[White "Gelfand, Boris"]
[Black "Aronian, Levon"]
[Result "0-1"]
[ECO "A05"]
[WhiteElo "2743"]
[BlackElo "2795"]
[Annotator "ChessBase"]
[PlyCount "134"]
[EventDate "2016.??.??"]
[EventType "tourn"]
[EventCountry "RUS"]
[SourceTitle "playchess.com"]
[Source "ChessBase"]
[TimeControl "180+2"]

1. Nf3 Nf6 2. g3 d5 3. Bg2 e6 4. O-O Be7 5. c4 O-O 6. b3 b6 7. Bb2 Bb7 8. cxd5 Nxd5 9. d4 c5 10. dxc5 Bxc5 11. Nbd2 Nd7 12. a3 Rc8 13. Rc1 Be7 14. e4 Rxc1
15. Qxc1 N5f6 16. e5 Nd5 17. Nc4 Qb8 18. Qd2 Rd8 19. b4 Nf8 20.
Nd4 Nc7 21. Qe2 Bxg2 22. Kxg2 Qb7+ 23. Qf3 Nd5 24. Kg1 Ng6 25. Qe4 Qd7 26. h4 Bf8 27. h5 Nge7 28. Rc1 Rc8 29. Nd6 Rxc1+ 30. Bxc1 Nc6 31. Bb2 Nxe5 32. N6b5 Nc4 33. Bc1 a6 34. Na7 Qxa7 35. Nc6 Nd6 36. Qxd5 exd5 37. Nxa7 Nc4 38. Kf1 a5 39. Nc6 axb4 40. axb4 f6 41. Ke2 Kf7 42. f4 Ke6 43. Kd3 Kd7 44. b5 Bc5 45. Nd4 Bxd4 46.
Kxd4 Nd6 47. Kxd5 Nxb5 48. g4 Nc7+ 49. Ke4 g6 50. Bb2 Ne8 51.
h6 Kc6 52. f5 Nd6+ 53. Kf4 gxf5 54. gxf5 Ne8 55. Ke4 Kc5 56. Bd4+ Kc6 57. Bb2 b5 58. Ba3 Nd6+ 59. Kf4 Kd5 60. Bb4 Ne8 61. Be7 Kd4 62. Bf8 Kc4 63. Ke4 Nc7 64. Ba3 Nd5 65. Bb2 b4 66. Bd4 Nc3+ 67. Ke3 b3 0-1

[Event "10th Tal Memorial 2016 - Blitz"]
[Site "Moscow"]
[Date "2016.09.25"]
[Round "9"]
[White "Giri, Anish"]
[Black "Tomashevsky, Evgeny"]
[Result "1-0"]
[ECO "C50"]
[WhiteElo "2755"]
[BlackElo "2731"]
[Annotator "ChessBase"]
[PlyCount "125"]
[EventDate "2016.??.??"]
[EventType "tourn"]
[EventCountry "RUS"]
[SourceTitle "playchess.com"]
[Source "ChessBase"]
[TimeControl "180+2"]

1. e4 e5 2. Nf3 Nc6 3. Bc4 Bc5 4. O-O Nf6 5. d3 O-O 6. c3 d5 7. exd5 Nxd5 8. a4 a6 9. Nbd2 Kh8 10. Re1 f6 11. d4 exd4 12. Nb3 Ba7 13. Nbxd4 Nxd4 14. Nxd4 c6 15. a5 Qd6 16. g3 Bh3 17. Qf3 Bxd4 18. cxd4 Qb4 19. Qe2 Bg4 20. Qf1 Rae8 21. Be3 Qxb2 22. Bxd5 cxd5 23. Reb1 Qc2 24. Rxb7 Be2 25. Qb1 Qc8 26. Ra7 Rg8 27. Qb7 Qf5 28. Qd7 Qh5 29. h3 Bd3 30. Qg4 Qxg4 31. hxg4 Ra8 32. Rd7 Rgd8 33. Rc7 Rdc8 34. Rac1 Rxc7 35. Rxc7 h6 36. Rc5 Bc4 37. Rc6 Ra7 38. f3 Rb7 39. Rb6 Rc7 40. Rb1 Bb5 41. Rc1 Bc4 42.
Rb1 Be2 43. Kf2 Rc2 44. Rb7 Bd1+ 45. Ke1 Bxf3 46. Bf4 Bxg4 47. Ra7 Be2 48. Bd6 Bc4 49. Bf8 Re2+ 50. Kd1 Re4 51. Bxg7+ Kh7 52. Bxf6+ Kg6 53. Be5 h5 54. Kd2 Kf5 55. Kc3 Re1 56. Kb4 Rb1+ 57. Kc3 Rb5 58. Rxa6 Rb3+ 59. Kc2 Bxa6 60. Kxb3 Ke6 61. Kb4 Kd7 62. Kc5 Bc4 63. Kb6 1-0

[Event "10th Tal Memorial 2016 - Blitz"]
[Site "Moscow"]
[Date "2016.09.25"]
[Round "9"]
[White "Nepomniachtchi, Ian"]
[Black "Kramnik, Vladimir"]
[Result "1/2-1/2"]
[ECO "C67"]
[WhiteElo "2740"]
[BlackElo "2808"]
[Annotator "ChessBase"]
[PlyCount "33"]
[EventDate "2016.??.??"]
[EventType "tourn"]
[EventCountry "RUS"]
[SourceTitle "playchess.com"]
[Source "ChessBase"]
[TimeControl "180+2"]

1. e4 e5 2. Nf3 Nc6 3. Bb5 Nf6 4. O-O Nxe4 5. Re1 Nd6 6.
Nxe5 Be7 7. Bf1 Nxe5 8. Rxe5 O-O 9. d4 Bf6 10. Re1 Re8 11.
c3 Rxe1 12. Qxe1 Ne8 13. Bf4 d5 14. Bd3 c6 15. Nd2 g6 16.
Qe3 Ng7 17. Re1 1/2-1/2

[Event "10th Tal Memorial 2016 - Blitz"]
[Site "Moscow"]
[Date "2016.09.25"]
[Round "9"]
[White "Svidler, Peter"]
[Black "Anand, Viswanathan"]
[Result "1/2-1/2"]
[ECO "C01"]
[WhiteElo "2745"]
[BlackElo "2776"]
[Annotator "ChessBase"]
[PlyCount "49"]
[EventDate "2016.??.??"]
[EventType "tourn"]
[EventCountry "RUS"]
[SourceTitle "playchess.com"]
[Source "ChessBase"]
[TimeControl "180+2"]

1. e4 e6 2. d4 d5 3. exd5 exd5 4. Nf3 Nf6 5. Bd3 Bd6 6. O-O O-O 7. Bg5 Bg4 8. Nbd2 Nbd7 9. c3 c6 10. Qc2 h6 11. Bh4 Qc7 12. Bg3 Rfe8 13.
Rfe1 Rxe1+ 14. Rxe1 Re8 15. Rxe8+ Nxe8 16. Bf5 Bxf5 17. Qxf5 Bxg3 18. hxg3 g6 19. Qd3 Kg7 20. Nf1 Nd6 21. Ne3 Qb6 22. Qc2 Qd8 23. Qd3 Qb6 24. Qc2 Qd8 25. Qd3 1/2-1/2